 Dungeon Crawl Stone Soup version 0.23-a0-171-g5ae17c6 (webtiles) character file.

52341 grindst0ne the Spry (level 15, 0/106 HPs)
             Began as a Kobold Berserker on Sept 13, 2018.
             Was a High Priest of Trog.
             Killed from afar by a raiju (2 damage)
             ... with a living lightning
             ... on level 6 of the Lair of Beasts.
             The game lasted 00:44:56 (22655 turns).

grindst0ne the Spry (Kobold Berserker)             Turns: 22655, Time: 00:44:57

Health: 0/106      AC: 18    Str: 21    XL:     15   Next: 5%
Magic:  5/5        EV: 24    Int: 12    God:    Trog [*****.]
Gold:   1236       SH:  0    Dex: 15    Spells: 14/14 levels left

rFire    + . .     SeeInvis +   L - +9 flail "Ruisoilo" {antimagic, +Rage rElec Str+4}
rCold    . . .     Gourm    +   (shield restricted)
rNeg     + . .     Faith    .   K - +9 scale mail of the Four Dances {rN+}
rPois    +         Spirit   .   f - +1 helmet {SInv}
rElec    +         Reflect  .   v - +0 cloak
rCorr    .         Harm     .   (no gloves)
MR       +++..                  (no boots)
Stlth    ..........             r - amulet "Verghodd" {Gourm rF+ MR+}
HPRegen  0.27/turn              o - ring of protection from magic
MPRegen  0.09/turn              e - ring of poison resistance

@: berserk cooldown, very slightly contaminated, slowed, very slow
A: small, carnivore
a: Berserk, Trog's Hand, Brothers in Arms, Renounce Religion, Evoke Berserk Rage


You were on level 6 of the Lair of Beasts.
You worshipped Trog.
Trog was extremely pleased with you.
You were not hungry.

You visited 2 branches of the dungeon, and saw 17 of its levels.
You also visited: Labyrinth.

You collected 1281 gold pieces.
You spent 45 gold pieces at shops.

Inventory:

Hand Weapons
 g - the +10 scimitar of Strategic Superiority {flame, +Fly rC+}
   (You found it on level 4 of the Lair of Beasts)

   It has been specially enchanted to burn those struck by it, causing extra
   injury to most foes and up to half again as much damage against particularly
   susceptible opponents.
   Big, fiery blades are also staple armaments of hydra-hunters.
   It protects you from cold.
   It lets you fly.
 L - the +9 flail "Ruisoilo" (weapon) {antimagic, +Rage rElec Str+4}
   (You found it on level 1 of the Lair of Beasts)

   It reduces the magical energy of the wielder, and disrupts the spells and
   magical abilities of those hit.
   Natural abilities and divine invocations are not affected.
   It affects your strength (+4).
   It insulates you from electricity.
   It lets you go berserk.
Missiles
 S - 2 throwing nets (quivered)
Armour
 f - a +1 helmet of see invisible (worn)
 t - a +0 buckler
 v - a +0 cloak (worn)
 K - the +9 scale mail of the Four Dances (worn) {rN+}
   (You found it on level 9 of the Dungeon)

   It protects you from negative energy.
Jewellery
 e - a ring of poison resistance (right hand)
 o - a ring of protection from magic (left hand)
 r - the amulet "Verghodd" (around neck) {Gourm rF+ MR+}
   (You found it on level 11 of the Dungeon)

   [amulet of the gourmand]

   It allows you to eat raw meat even when not hungry.
   It protects you from fire.
   It affects your resistance to hostile enchantments.
 y - an uncursed ring of protection from cold
 I - an uncursed ring of resist corrosion
Wands
 h - a wand of polymorph (11)
 i - a wand of acid (8)
 j - a wand of paralysis (19)
 x - a wand of iceblast (13)
 F - a wand of enslavement (12)
 N - a wand of flame (23)
 R - a wand of clouds (7)
Scrolls
 a - 5 scrolls of identify
 l - 3 scrolls of teleportation
 m - 3 scrolls of enchant weapon
 n - 7 scrolls of remove curse
 p - a scroll of fog
 w - 4 scrolls of immolation
 C - a scroll of holy word
Potions
 b - 3 potions of flight
 d - a potion of invisibility
 k - 4 potions of heal wounds
 q - 3 potions of lignification
 s - 4 potions of brilliance
 z - 2 potions of berserk rage
 A - a potion of ambrosia
 D - 5 potions of mutation
 E - a potion of cancellation
 G - 4 potions of haste
 M - a potion of magic
 O - 2 potions of resistance
 P - 2 potions of might
 T - 5 potions of curing
Comestibles
 c - 46 rations
 B - 4 chunks of flesh


   Skills:
 + Level 16.9 Fighting
   Level 15.5 Short Blades
 - Level 1.5 Armour
 * Level 17.1 Dodging


You had 14 spell levels left.
You didn't know any spells.
Your spell library contained the following spells:

 Spells                   Type           Power        Failure   Level  Hunger
 Flame Tongue             Conj/Fire      #....        67%         1    ##.....
 Poisonous Vapours        Pois/Air       #.....       80%         2    ###....
 Conjure Flame            Conj/Fire      #.......     95%         3    ####...
 Mephitic Cloud           Conj/Pois/Air  #.......     95%         3    ####...
 Stone Arrow              Conj/Erth      #.....       95%         3    ####...
 Cause Fear               Hex            #.........   100%        4    #####..
 Olgreb's Toxic Radiance  Pois           #.......     100%        4    #####..
 Alistair's Intoxication  Tmut/Pois      #.......     100%        5    ######.
 Bolt of Fire             Conj/Fire      #.........   100%        6    #######
 Freezing Cloud           Conj/Ice/Air   #.........   100%        6    #######
 Iron Shot                Conj/Erth      #.........   100%        6    #######
 Dragon Form              Tmut           #.........   100%        7    #######
 Ring of Flames           Chrm/Fire      #.........   100%        7    #######
 Dragon's Call            Summ           #.........   100%        9    #######


Dungeon Overview and Level Annotations

Branches:
Dungeon (11/15)            Temple (0/1) D:4            Lair (6/6) D:8
  Swamp (0/4) Lair:4       Spider (0/4) Lair:4        Slime (0/5) Lair:6
    Orc (0/2) D:9

Altars:
Ashenzari
Cheibriados
Dithmenos
Gozag
Kikubaaqudgha
Nemelex Xobeh
Okawaru
Ru
Vehumet
Xom
Yredelemnul
The Shining One
Jiyva

Shops:
D:5 *   D:11 *

Annotations:
D:3 2 runed doors, iamserjio's ghost, amateur BaFi
Lair:2 3 runed doors, Buarolus's ghost, journeyman DEFE
Lair:3 exclusion: downstairs
Lair:4 exclusion: 2 oklob plants
Lair:6 exclusion: oklob plant


Innate Abilities, Weirdness & Mutations

You are small and have problems with some larger weapons.
You are carnivorous and can eat meat at any time.


Message History

You hit the polar bear but do no damage.
The polar bear is almost dead.
The polar bear completely misses you. The polar bear misses you.
The polar bear barely misses you. The raiju completely misses you.
The polar bear closely misses you. The polar bear claws you.
* * * LOW HITPOINT WARNING * * *
The polar bear barely misses you. The raiju bites you.
* * * LOW HITPOINT WARNING * * *
The raiju shocks you. You resist.
* * * LOW HITPOINT WARNING * * *
The polar bear bites you!
* * * LOW HITPOINT WARNING * * *
The polar bear completely misses you. The polar bear misses you.
Blink to where?
Press: ? - help, Dir - move target cursor You are very lightly contaminated with residual magic.
As you read the scroll of blinking, it crumbles to dust.
The raiju bursts into living lightning!
The living lightning hits you! You resist.
You die...

# . # ..## ....
#... ## .#.. ##
#h# ##. #.#.#.##
## #@$.%.# ####
#......# ###.#.
......## ##.....
#%....## ###......
##.....# #...).#.#
[#....#####..##.#.
# .##.h%†##..#####
##..h§#....#...#
#........#........


You could see a polar bear (berserk), a raiju and a wolf (wandering).

Vanquished Creatures
  A minotaur (Lab)
  A dire elephant (Lair:6)
  4 hydras
  A catoblepas (Lair:6)
  A two-headed ogre (D:9)
  8 death yaks
  An obsidian statue (D:9)
  Pikel (D:4)
  2 lindwurms (Lair:6)
  2 manticores (Lair:6)
  A deep elf mage (D:9)
  3 black mambas
  6 elephants
  4 spiny frogs
  2 gargoyles (D:11)
  A komodo dragon (Lair:1)
  2 minotaur zombies (Lab)
  3 rime drakes (Lair:6)
  8 polar bears (Lair:6)
  A hornet (D:7)
  A queen bee (D:10)
  A troll (D:10)
  27 blink frogs
  Grinder (D:3)
  5 dream sheep
  3 raiju (Lair:6)
  10 hippogriffs
  4 redbacks (Lair:4)
  2 wyverns
  2 basilisks
  47 yaks
  8 hungry ghosts (Lab)
  4 wargs (Lair:6)
  2 swamp worms
  9 hell hounds (Lair:6)
  Duvessa (D:5)
  17 porcupines
  8 water moccasins
  An orc warrior (D:11)
  4 slaves (D:4)
  5 ice beasts
  12 black bears
  3 phantoms
  6 ogres
  11 wolves (Lair:6)
  13 crocodiles
  5 centaurs
  4 big kobolds
  10 bullfrogs
  A wyvern zombie (D:11)
  4 scorpions
  2 wyvern skeletons
  Dowan (D:5)
  20 killer bees
  An electric eel (Lair:4)
  A howler monkey (D:10)
  2 crimson imps
  A bullfrog zombie (D:9)
  A centaur zombie (D:7)
  A quasit (D:9)
  Crazy Yiuf (D:2)
  2 hounds
  3 jellies
  3 bullfrog skeletons
  2 orc priests
  5 orc wizards
  4 centaur skeletons
  Jessica (D:3)
  3 iguanas
  5 worker ants
  6 hell rats (Lair:6)
  A killer bee zombie (D:5)
  3 gnolls (D:8)
  2 howler monkey skeletons
  10 adders
  4 shadow imps
  An ooze (D:2)
  4 adder skeletons
  A worm (D:3)
  4 dart slugs
  7 leopard geckos
  30 orcs
  2 ball pythons (D:3)
  4 giant cockroaches
  9 goblins
  8 hobgoblins
  20 jackals
  12 kobolds
  4 quokkas
  7 bats
  7 frilled lizards
  8 rats
  A fungus (Lair:6)
498 creatures vanquished.

Vanquished Creatures (collateral kills)
  A blink frog (Lair:3)
  A bullfrog (Lair:3)
2 creatures vanquished.

Vanquished Creatures (others)
  33 fungi
  21 plants
54 creatures vanquished.

Grand Total: 554 creatures vanquished

Notes
Turn   | Place    | Note
-------+----------+-------------------------------------------
     0 | D:1      | grindst0ne the Kobold Berserker began the quest for the
                  | Orb.
     0 | D:1      | Reached XP level 1. HP: 14/14 MP: 1/1
   183 | D:1      | Reached XP level 2. HP: 12/19 MP: 2/2
   501 | D:1      | Reached XP level 3. HP: 24/24 MP: 3/3
  1163 | D:2      | Reached skill level 5 in Short Blades
  1277 | D:2      | Found a runed door.
  1482 | D:2      | Reached XP level 4. HP: 29/29 MP: 4/4
  1492 | D:2      | Found an opulent altar of Gozag.
  1597 | D:2      | Reached ** piety under Trog
  1720 | D:2      | Found a shadowy altar of Dithmenos.
  1720 | D:2      | Found a shimmering altar of Xom.
  1963 | D:2      | Noticed Crazy Yiuf
  1968 | D:2      | Killed Crazy Yiuf
  1968 | D:2      | Reached XP level 5. HP: 34/34 MP: 5/5
  2159 | D:3      | Reached skill level 5 in Fighting
  2440 | D:3      | Found a runed door.
  2441 | D:3      | Noticed iamserjio's ghost (amateur BaFi)
  2518 | D:3      | Noticed Grinder
  2531 | D:3      | Killed Grinder
  2531 | D:3      | Reached XP level 6. HP: 41/41 MP: 6/6
  2666 | D:3      | Noticed Jessica
  2677 | D:3      | Killed Jessica
  2677 | D:3      | Reached XP level 7. HP: 46/46 MP: 7/7
  2853 | D:3      | Found a runed door.
  2914 | D:4      | Found a staircase to the Ecumenical Temple.
  3050 | D:4      | Noticed Pikel
  3438 | D:4      | Killed Pikel
  3438 | D:4      | Reached XP level 8. HP: 54/54 MP: 8/8
  4030 | D:5      | Entered Level 5 of the Dungeon
  4030 | D:5      | Found Weywi's General Store.
  4077 | D:5      | Bought a scroll of immolation for 45 gold pieces
  4150 | D:5      | Noticed Dowan
  4154 | D:5      | Reached *** piety under Trog
  4180 | D:5      | Killed Dowan
  4341 | D:5      | Reached skill level 10 in Short Blades
  4423 | D:5      | Noticed Duvessa
  4443 | D:5      | Killed Duvessa
  4714 | D:6      | Found a snail-covered altar of Cheibriados.
  4821 | D:6      | Reached XP level 9. HP: 60/60 MP: 9/9
  4973 | D:6      | Got a warped spear
  4974 | D:6      | Identified the +1 spear of Doubt {holy, *Drain rN++ MP+9
                  | Dex+3} (You found it on level 6 of the Dungeon)
  5412 | D:6      | Found an ancient bone altar of Kikubaaqudgha.
  5496 | D:7      | Noticed a hornet
  5510 | D:7      | Killed a hornet
  5610 | D:7      | Found a sacrificial altar of Ru.
  5687 | D:7      | Reached skill level 10 in Fighting
  5907 | D:7      | Reached **** piety under Trog
  6160 | D:7      | Found a snail-covered altar of Cheibriados.
  6269 | D:7      | Found a basalt altar of Yredelemnul.
  6412 | D:7      | Found a sparkling altar of Nemelex Xobeh.
  6525 | D:8      | Reached XP level 10. HP: 67/68 MP: 10/10
  7096 | D:8      | Found a radiant altar of Vehumet.
  7113 | D:8      | Found a staircase to the Lair.
  7149 | D:8      | Found a shattered altar of Ashenzari.
  7624 | D:8      | Found an iron altar of Okawaru.
  7629 | D:8      | Got a brightly glowing spear
  7631 | D:8      | Identified the +11 spear of Sorotz {antimagic, +Fly Dex+3}
                  | (You found it on level 8 of the Dungeon)
  8061 | D:9      | Noticed a deep elf mage
  8066 | D:9      | Killed a deep elf mage
  8401 | D:9      | Noticed a two-headed ogre
  8416 | D:9      | Killed a two-headed ogre
  8416 | D:9      | Reached XP level 11. HP: 76/76 MP: 3/11
  8660 | D:9      | Noticed an obsidian statue
  8880 | D:9      | Found a glowing golden altar of the Shining One.
  8897 | D:9      | Found a staircase to the Orcish Mines.
  9182 | D:9      | Killed an obsidian statue
  9185 | D:9      | Got a smoking scale mail
  9196 | D:9      | Identified the +9 scale mail of the Four Dances {rN+} (You
                  | found it on level 9 of the Dungeon)
  9331 | D:10     | Entered Level 10 of the Dungeon
  9357 | D:10     | Received a gift from Trog
  9600 | D:10     | Reached skill level 15 in Short Blades
  9607 | D:10     | Reached ***** piety under Trog
 10118 | D:10     | Found a shattered altar of Ashenzari.
 10437 | D:10     | Reached skill level 3 in Dodging
 10671 | D:10     | Reached skill level 4 in Dodging
 11095 | D:11     | Found Eniemm's General Store.
 11373 | D:11     | Reached skill level 5 in Dodging
 11589 | D:11     | Got a slimy graven amulet
 11590 | D:11     | Identified the amulet "Verghodd" {Gourm rF+ MR+} (You found
                  | it on level 11 of the Dungeon)
 11704 | D:11     | Reached skill level 6 in Dodging
 11704 | D:11     | Reached XP level 12. HP: 84/84 MP: 4/12
 12157 | D:11     | Reached skill level 7 in Dodging
 12230 | D:11     | Noticed a two-headed hydra
 12237 | D:11     | Killed a two-headed hydra
 12237 | D:11     | Reached skill level 8 in Dodging
 12674 | Lair:1   | Entered Level 1 of the Lair of Beasts
 12728 | Lair:1   | Received a gift from Trog
 12755 | Lair:1   | Got a smoking flail
 12756 | Lair:1   | Identified the +9 flail "Ruisoilo" {antimagic, +Rage rElec
                  | Str+4} (You found it on level 1 of the Lair of Beasts)
 12811 | Lair:1   | Reached skill level 9 in Dodging
 13092 | Lair:1   | Noticed a seven-headed hydra
 13116 | Lair:1   | Killed a seven-headed hydra
 13116 | Lair:1   | Reached skill level 10 in Dodging
 13750 | Lair:2   | Reached skill level 11 in Dodging
 13958 | Lair:2   | Reached XP level 13. HP: 91/91 MP: 4/13
 14336 | Lair:2   | Found a runed gate.
 14338 | Lair:2   | Found a runed gate.
 14338 | Lair:2   | Found a runed gate.
 14338 | Lair:2   | Found a viscous altar of Jiyva.
 14338 | Lair:2   | Noticed Buarolus's ghost (journeyman DEFE)
 15006 | Lair:3   | Reached skill level 15 in Fighting
 15128 | Lair:3   | Found a labyrinth entrance.
 15137 | Lab      | Entered a labyrinth
 15215 | Lab      | Reached skill level 12 in Dodging
 15384 | Lab      | Found an exit through the horrors of the Abyss.
 15664 | Lab      | Noticed a minotaur
 15682 | Lab      | Killed a minotaur
 16543 | Lair:4   | Reached skill level 13 in Dodging
 17108 | Lair:4   | Got a steaming scimitar
 17124 | Lair:4   | Identified the +10 scimitar of Strategic Superiority
                  | {flame, +Fly rC+} (You found it on level 4 of the Lair of
                  | Beasts)
 17470 | Lair:4   | Found a hole to the Spider Nest.
 17498 | Lair:4   | Received a gift from Trog
 17815 | Lair:3   | Reached skill level 14 in Dodging
 18167 | Lair:4   | Reached XP level 14. HP: 99/99 MP: 14/14
 18595 | Lair:4   | Found a staircase to the Swamp.
 18968 | Lair:4   | Found a sacrificial altar of Ru.
 19459 | Lair:5   | Reached skill level 15 in Dodging
 19991 | Lair:6   | Entered Level 6 of the Lair of Beasts
 20296 | Lair:6   | Noticed a dire elephant
 20309 | Lair:6   | Killed a dire elephant
 20680 | Lair:6   | Reached skill level 16 in Dodging
 20874 | Lair:6   | Found a staircase to the Slime Pits.
 21336 | Lair:6   | Received a gift from Trog
 22421 | Lair:6   | Identified Xamullif's Compendium of Poisonous Earth
 22604 | Lair:6   | Reached skill level 17 in Dodging
 22614 | Lair:6   | Reached XP level 15. HP: 106/106 MP: 15/15
 22654 | Lair:6   | HP: 1/106 [polar bear (14)]
 22655 | Lair:6   | Killed from afar by a raiju

Vault maps used:
D:1:      matt_arrival_los_fun, serial_forest, infiniplex_forest_zigzag_1,
          infiniplex_forest_clump_small, infiniplex_forest_clump_curved,
          infiniplex_forest_clump_medium, infiniplex_forest_clump_tiny,
          infiniplex_forest_lined_room_, infiniplex_forest_corner_1
D:2:      lemuel_crystal_altar, gammafunk_temple_overflow_wave,
          uniq_crazy_yiuf_cottage
D:3:      first_ration, ebering_ghost_sewer_f, uniq_jessica, uniq_grinder
D:4:      minmay_temple_entry_grid, uniq_pikel
D:5:      serial_shops, shop, kennysheep_generic_room_7, uniq_duvessa
D:6:      lemuel_coloured_pillars_altar, nicolae_overflow_crystal_walls
D:7:      nicolae_overflow_hidden_temple, marbit_many_paths,
          kennysheep_mini_moat, basic_altar
D:8:      okawaru_ov_weapons_minmay, lemuel_crystal_altar, vehumet_crystals,
          due_lair_maze_entry_diamond
D:9:      minmay_statue_hallways, old_standard_altar
D:10:     special_room, basic_altar
D:11:     serial_shops, shop, st_stairs_5, hangedman_ranch
Lair:1:   beast_lair_carwin_11
Lair:2:   gammafunk_ghost_ooze, st_stairs_3, columned_hall_lemuel,
          serial_bayou_pond_a, grunt_megastairs_2
Lair:3:   lab_entry_generic
Lair:4:   minmay_swamp_entry_worms, spider_nest_entry_webs, lemuel_oklob_altar,
          grunt_megastairs_4, lemuel_fruit_tree, serial_bayou_shore_a
Lair:5:   grunt_megastairs_3, lemuel_fruit_fields
Lair:6:   hangedman_lair_in_review, hangedman_lair_caniforms_friends,
          minmay_slime_entry_oklob_open
Lab:      labyrinth_hidden_loot, nicolae_lab_garden, labyrinth_glass_1,
          nicolae_lab_very_dead_end, labyrinth_fake_exit,
          labyrinth_skeletal_remains

Skill      XL: |  1  2  3  4  5  6  7  8  9 10 11 12 13 14 |
---------------+-------------------------------------------+-----
Fighting       | 4 5 6 7 8 10 12 13 14 15 16 | 16.9
Short Blades   | 5 7 9 10 12 14 15 | 15.5
Dodging        | 6 11 14 17 | 17.1
Armour         | |  1.5

Action                   |  1- 3 |  4- 6 |  7- 9 | 10-12 | 13-15 || total
-------------------------+-------+-------+-------+-------+-------++-------
Melee: Short sword       |   100 |   171 |   401 |       |       ||   672
       Dagger            |       |       |    86 |   112 |       ||   198
       Spear             |       |       |       |   509 |       ||   509
       Flail             |       |       |       |   128 |   380 ||   508
       Scimitar          |       |       |       |       |   339 ||   339
Throw: Throwing net      |       |       |     1 |     1 |     2 ||     4
Invok: Berserk           |     1 |     2 |    19 |    21 |    27 ||    70
       Trog's Hand       |       |       |     1 |     4 |     1 ||     6
Evoke: Wand              |       |       |     2 |    17 |     9 ||    28
  Use: Potion            |       |       |     3 |     4 |     2 ||     9
       Scroll            |       |       |     7 |     9 |    15 ||    31
 Stab: Held in net/web   |       |       |       |       |     1 ||     1
       Petrified         |       |       |       |       |     6 ||     6
       Confused          |       |       |       |       |     1 ||     1
  Eat: Chunk             |    11 |     6 |    29 |    47 |    54 ||   147
       Ration            |       |       |       |       |     6 ||     6
Armor: Scale mail        |    39 |    62 |   110 |   351 |   306 ||   868
       Animal skin       |     2 |       |       |       |       ||     2
Dodge: Dodged            |    92 |   119 |   216 |   614 |  1072 ||  2113
       Rpst.: Scimitar   |       |       |       |       |    93 ||    93

Table legend:
 A = Non-vault XP
 B = Vault XP
 C = Vault XP percentage of total XP
 D = Non-vault monster count
 E = Vault monster count
 F = Vault count percentage of total count
                 A         B        C        D         E       F
            +---------+---------+-------+---------+---------+-------
      Total |   40737 |   34037 |  45.5 |     354 |     141 |  28.5
            +---------+---------+-------+---------+---------+-------
        D:1 |      40 |       0 |   0.0 |      20 |       0 |   0.0
        D:2 |      70 |      44 |  38.6 |      24 |       1 |   4.0
        D:3 |      81 |     295 |  78.5 |      27 |       2 |   6.9
        D:4 |     141 |     673 |  82.7 |       8 |       1 |  11.1
        D:5 |     234 |     366 |  61.0 |      13 |       5 |  27.8
        D:6 |     383 |       0 |   0.0 |      14 |       0 |   0.0
        D:7 |    1183 |     132 |  10.0 |      33 |       1 |   2.9
        D:8 |    1059 |    1261 |  54.4 |      18 |       9 |  33.3
        D:9 |    2502 |     685 |  21.5 |      24 |       1 |   4.0
       D:10 |    3579 |    1161 |  24.5 |      35 |      15 |  30.0
       D:11 |    2762 |    2748 |  49.9 |      23 |      11 |  32.4
     Lair:1 |    5548 |     669 |  10.8 |      23 |       3 |  11.5
     Lair:2 |    2864 |     688 |  19.4 |      15 |       3 |  16.7
     Lair:3 |    2208 |       0 |   0.0 |       9 |       0 |   0.0
     Lair:4 |   10871 |    1016 |   8.5 |      36 |       5 |  12.2
     Lair:5 |    4418 |     819 |  15.6 |      13 |       4 |  23.5
     Lair:6 |    2794 |   20040 |  87.8 |      19 |      69 |  78.4
        Lab |       0 |    3440 | 100.0 |       0 |      11 | 100.0
            +---------+---------+-------+---------+---------+-------
